 Dungeon Crawl Stone Soup version 0.31-a0-716-gc7603755dd (webtiles) character file.

Game seed: 14103475659925705500

211743 Zonian the Warrior (level 18, -4/181 HPs)
             Began as an Armataur Fighter on Sept 7, 2023.
             Was a High Priest of Okawaru.
             Drowned by a water elemental (5 damage)
             ... summoned by Ilsuiw
             ... on level 2 of the Shoals on Sept 10, 2023.
             The game lasted 02:07:31 (57648 turns).

Zonian the Warrior (Armataur Fighter)              Turns: 57648, Time: 02:07:31

Health: -4/181     AC: 42    Str: 41    XL:     18   Next: 22%
Magic:  0/29       EV:  4    Int:  7    God:    Okawaru [*****.]
Gold:   1388       SH: 14    Dex: 23    Spells: 30/32 levels left

rFire   . . .        k - +10 flail of the Tent {heavy, Int+4}
rCold   + + +        c - +1 kite shield {reflect}
rNeg    . . .        S - +10 plate armour of Vaix {rC+ Str+6}
rPois   .            x - +0 helmet of Awe {Dex+3}
rElec   +            J - +0 cloak of a Labyrinth {Drain rElec rC+++ Int-3}
rCorr   .            A - +1 pair of gloves "Cioguteru" {rC+ Str+3}
SInv    .            W - +1 barding
Will    .....        w - amulet of guardian spirit Stlth
                     Q - ring "Mikop" {rC+ AC+4}
HPRegen 0.50/turn    N - +6 ring of strength
MPRegen 0.21/turn

%: reflection, guardian spirit, roll
@: lethally poisoned (-4 -> -6), weak-willed, engulfed (cannot breathe),
mesmerised, hasted, very quick
A: large, rugged brown scales 3, deformed body, armoured tail, roll, long
tongue, awkward tongue, agile 2, screaming 1, inability to drink after injury 1
}: 1/15 runes: serpentine
a: Renounce Religion, Heroism, Finesse, Duel


You were on level 2 of the Shoals.
You worshipped Okawaru.
Okawaru was extremely pleased with you.
You visited 5 branches of the dungeon, and saw 28 of its levels.
You also visited: Ice Cave.

You collected 2932 gold pieces.
You spent 1544 gold pieces at shops.

Inventory:

Hand Weapons
 k - the +10 flail of the Tent (weapon) {heavy, Int+4}
   (Okawaru gifted it to you on level 15 of the Dungeon)

   Int+4:     It affects your intelligence (+4).
 R - the +8 mace "Earthworm" {heavy, rElec rC- Str+4}
   (You found it on level 3 of the Lair of Beasts)

   Str+4:     It affects your strength (+4).
   rC-:       It makes you vulnerable to cold.
   rElec:     It insulates you from electricity.
Missiles
 g - 66 poisoned darts
 v - 3 curare-tipped darts
 H - 2 throwing nets
 I - 26 boomerangs
Armour
 c - a +1 kite shield of reflection (worn)
 l - the +1 plate armour "Raoll" {Regen+ MP+9}
   (Okawaru gifted it to you on level 15 of the Dungeon)

   MP+9:      It affects your magic capacity (+9).
   Regen+:    It increases your rate of health regeneration.
 s - +1 swamp dragon scales
 x - the +0 helmet of Awe (worn) {Dex+3}
   (You bought it in a shop on level 2 of the Orcish Mines)

   Dex+3:     It affects your dexterity (+3).
 A - the +1 pair of gloves "Cioguteru" (worn) {rC+ Str+3}
   (Okawaru gifted it to you on level 4 of the Lair of Beasts)

   Str+3:     It affects your strength (+3).
   rC+:       It protects you from cold.
 D - the +0 plate armour "Donlem" {rF+ Str+5}
   (You bought it in a shop on level 2 of the Orcish Mines)

   Str+5:     It affects your strength (+5).
   rF+:       It protects you from fire.
 J - the +0 cloak of a Labyrinth (worn) {Drain rElec rC+++ Int-3}
   (You found it on level 1 of the Lair of Beasts)

   Int-3:     It affects your intelligence (-3).
   rC+++:     It renders you almost immune to cold.
   rElec:     It insulates you from electricity.
   Drain:     It drains your maximum health when unequipped.
 S - the +10 plate armour of Vaix (worn) {rC+ Str+6}
   (You took it off a skeletal warrior on level 15 of the Dungeon)

   Str+6:     It affects your strength (+6).
   rC+:       It protects you from cold.
 W - a +1 barding (worn)
Jewellery
 a - an amulet of reflection
 h - a ring of see invisible
 t - a ring of willpower
 u - a +6 ring of strength
 w - an amulet of guardian spirit (around neck)
 B - a ring of resist corrosion
 N - a +6 ring of strength (right hand)
 Q - the ring "Mikop" (left hand) {rC+ AC+4}
   (You found it in an ice cave)

   [ring of protection]

   AC+4:      It affects your AC (+4).
   rC+:       It protects you from cold.
Wands
 q - a wand of flame (30)
 y - a wand of paralysis (10)
 C - a wand of acid (5)
 G - a wand of digging (9)
 V - a wand of mindburst (7)
Scrolls
 b - 6 scrolls of teleportation
 i - 4 scrolls of blinking
 r - 5 scrolls of silence
 z - 5 scrolls of fog
 E - 3 scrolls of identify
 F - 2 scrolls of poison
 L - 3 scrolls of vulnerability
 P - 2 scrolls of enchant weapon
 U - 2 scrolls of revelation
Potions
 f - a potion of brilliance
 j - 6 potions of lignification
 m - 5 potions of haste
 n - 5 potions of enlightenment
 K - a potion of mutation
 M - a potion of resistance
 O - 2 potions of might
 X - a potion of cancellation
Miscellaneous
 o - a phantom mirror
 p - a tin of tremorstones (inert)


   Skills:
 - Level 17.2 Fighting
 - Level 15.0 Maces & Flails
 + Level 14.5 Armour
 - Level 8.0 Stealth
 + Level 10.3 Shields
 - Level 7.5 Spellcasting
 - Level 3.7 Hexes
 - Level 12.9 Invocations
 - Level 7.4 Evocations


You had 30 spell levels left.
You knew the following spells:

 Your Spells              Type           Power      Damage    Failure   Level
a - Jinxbite              Hex            14%        N/A       34%         2

Your spell library contained the following spells:

 Spells                   Type           Power      Damage    Failure   Level
 Slow                     Hex            28%        N/A       22%         1
 Confusing Touch          Hex            7%         N/A       56%         3
 Sigil of Binding         Hex            7%         N/A       56%         3
 Ensorcelled Hibernation  Hex/Ice        10%        N/A       58%         2
 Magic Dart               Conj           8%         1d3       73%         1
 Necrotise                Necr           8%         1d4       73%         1
 Shock                    Conj/Air       8%         1d3       73%         1
 Dazzling Flash           Conj/Hex       10%        N/A       83%         3
 Searing Ray              Conj           4%         2d4       86%         2
 Swiftness                Air            2%         N/A       97%         3
 Vampiric Draining        Necr           2%         2d6       97%         3
 Volatile Blastmotes      Fire/Tloc      4%         2d10      97%         3
 Anguish                  Hex/Necr       2%         N/A       99%         4
 Fulminant Prism          Conj/Hex       2%         3d5       99%         4
 Leda's Liquefaction      Hex/Erth       2%         N/A       99%         4
 Airstrike                Air            1%         2d(1-17)  100%        4
 Agony                    Necr           2%         N/A       100%        5
 Lee's Rapid Deconstruct  Erth           1%         3d4*      100%        5
 Leda's Unmaking          Conj/Erth      1%         9d1       100%        6
 Starburst                Conj/Fire      1%         6d3       100%        6
 Maxwell's Capacitive Co  Air            1%         ∞         100%        8


Dungeon Overview and Level Annotations

Branches:
Dungeon (15/15)            Temple (0/1) D:4            Lair (5/5) D:8
 Shoals (2/4) Lair:3        Snake (4/4) Lair:2        Slime (0/5) Lair:4
    Orc (2/2) D:12            Elf (0/3) Orc:2        Vaults (0/5) D:13
 Depths (0/4) D:15          IceCv (visited)

Altars:
Ashenzari
Cheibriados
Elyvilon
Hepliaklqana
Makhleb
Nemelex Xobeh
Okawaru
Sif Muna
Trog
Uskayaw
Vehumet
Wu Jian
Xom
Yredelemnul
The Shining One
Jiyva
Lugonu

Shops:
D:3 (   D:5 :   D:6 *   Orc:2 =[[!

Portals:
Abyss: Lair:5

Annotations:
D:6 2 transporters, Age's ghost, novice MiFi
Shoals:2 Ilsuiw
Snake:1 2 transporters, Miduta's ghost, journeyman DsNe


Innate Abilities, Weirdness & Mutations

You are completely covered in rugged brown scales. (AC +3, +7% HP)
Armour fits poorly on your strangely shaped body.
You have a long armoured tail.
You roll when moving toward enemies. (Rampage)
Your long tongue fully drains potion bottles. (2x potion effects)
Your tongue gives you trouble enunciating. (1.5x scroll delay)
You are very agile. (Dex +8, Str/Int -2)
You occasionally shout uncontrollably at your foes.
You occasionally lose the ability to drink potions when taking damage.


Message History

Aiming: Corrosive Bolt
Press: ? - help, Shift-Dir - straight line, f/p - merfolk siren
Aim: a merfolk siren, wielding a +1 trident of freezing (heavily wounded, mesmerising, covered in acid, 67% to hit)
The bolt of acid hits the merfolk siren!!
You kill the merfolk siren!
Okawaru accepts your kill.
You hear a splash.
* * * LOW HITPOINT WARNING * * *
Your lungs strain for air!
You feel sick. The water elemental hits you.
* * * LOW HITPOINT WARNING * * *
The merfolk siren chants its luring song.
Okay, then.
Okay, then.
Aiming: Corrosive Bolt
Press: ? - help, Shift-Dir - straight line, f - merfolk siren
Aim: a merfolk siren, wielding a +0 trident (mesmerising, 67% to hit)
The bolt of acid misses the merfolk siren.
* * * LOW HITPOINT WARNING * * *
Your lungs strain for air!
* * * LOW HITPOINT WARNING * * *
You feel sick. The water elemental hits you.
Something hits you but does no damage.
The water elemental completely misses you.
Aiming: Corrosive Bolt
Press: ? - help, Shift-Dir - straight line, f/p - merfolk siren
Aim: a merfolk siren, wielding a +0 trident (mesmerising, 67% to hit)
The bolt of acid hits the merfolk siren!
The acid corrodes the merfolk siren!
The merfolk siren is heavily wounded.
* * * LOW HITPOINT WARNING * * *
Your lungs strain for air!
The merfolk siren chants its luring song.
You block the water elemental's attack. The water elemental barely misses you.
You block something's attack.
Aiming: Corrosive Bolt
Press: ? - help, Shift-Dir - straight line, f/p - merfolk siren
Aim: a merfolk siren, wielding a +0 trident (heavily wounded, mesmerising, covered in acid, 67% to hit)
The bolt of acid misses the merfolk siren.
You die...

≈≈≈P~~~~~~..~~~.~~~)~≈≈≈≈~~~~
~###~~~~~~.....~~~~~~~~≈≈≈≈≈#
###~P~~~##..~~~~~~~~~≈≈≈≈#
##~~~~....~~~~~~~~~~≈≈≈#
##~~~~.~~~~~~~~~~~≈~~~~
#~~~~~~~~~~~~~~~~~~...
##~~~~~~~~~~~~~~~~.###
#~~~~~~EE..~^~~~:.#
~~~≈~{E@.~~~~~~~##
~~≈≈~))c###.~~~~.# ~≈≈≈≈m~.#
#...~~... P~≈~~~$.# #.?...[..
~~~~~.... ..~.####. ~~~~~~...
.~~. ~~~~..### ~.# ~~P$..


You could see a faun, 3 water elementals and a merfolk siren (mesmerising,
corroded).

Vanquished Creatures
  Mlioglotl (Snake:3)
  Frances (Shoals:1)
  Agnes (D:14)
  Aizul (Shoals:1)
  Donald (Orc:2)
  4 nagarajas (Snake:4)
  The ghost of Age the Peltast, a journeyman MiFi of Gozag (Orc:2)
  A white draconian (IceCv)
  A minotaur (Orc:2)
  An ettin (Orc:1)
  3 merfolk impalers
  A merfolk javelineer (Shoals:1)
  A fire dragon (D:15)
  6 hydras
  3 salamander tyrants
  An alligator snapping turtle (Shoals:1)
  8 centaur warriors
  An ogre mage (D:15)
  A merfolk avatar (Shoals:1)
  A merfolk aquamancer (Shoals:1)
  9 anacondas
  3 boulder beetles
  2 dancing weapons (D:13)
  18 naga warriors
  2 tengu warriors
  20 two-headed ogres
  3 thrashing horrors (Lair:5)
  Urug (Orc:1)
  An orc high priest (Orc:2)
  24 naga sharpshooters
  2 deep elf knights
  2 sun demons (Shoals:1)
  11 shock serpents
  A titan skeleton (D:15)
  Nergalle (Orc:1)
  2 salamander mystics
  4 skysharks
  2 skeletal warriors (D:15)
  7 naga ritualists
  A sea snake (Shoals:2)
  A tengu zombie (D:15)
  A phantasmal warrior (D:15)
  An orc knight (D:14)
  A lindwurm (Lair:5)
  6 mana vipers
  A necromancer (D:15)
  4 deep elf pyromancers
  7 orc sorcerers
  18 ugly things
  8 cyclopes
  3 fauns (Shoals:1)
  3 manticores
  23 elephants
  15 salamanders
  19 naga magi
  49 black mambas
  3 merfolk sirens
  3 water nymphs (Shoals:1)
  Joseph (Lair:1)
  2 guardian serpents (Snake:4)
  A cane toad (shapeshifter) (D:15)
  2 ice statues (IceCv)
  A smoke demon (Lair:5)
  2 spriggan zombies (D:15)
  2 torpor snails
  11 cane toads
  3 gargoyles
  A freezing wraith (D:14)
  5 rime drakes
  A molten gargoyle (Lair:2)
  8 kobold demonologists
  Maggie (D:8)
  A yaktaur (D:11)
  8 komodo dragons
  4 tengu conjurers
  11 trolls
  5 merfolk
  A wolf spider simulacrum (D:14)
  2 wind drakes
  A hornet (D:8)
  20 blink frogs
  4 meliai
  4 polar bears
  2 blink frogs (shapeshifter)
  2 dream sheep (Lair:5)
  Grinder (D:4)
  3 raiju
  3 centaur simulacra (D:12)
  9 slime creatures
  3 water elementals (Shoals:1)
  A vampire (D:12)
  4 wraiths
  A ynoxinul (Lair:5)
  A shadow (D:11)
  A spriggan (Lair:5)
  A hog (shapeshifter) (Lair:5)
  2 wyverns
  6 basilisks
  59 yaks
  3 chaos spawn (Lair:5)
  6 steam dragons
  8 vampire mosquitoes
  A swamp worm (shapeshifter) (D:15)
  68 nagas
  15 water moccasins
  17 wargs
  A hell hound (D:12)
  An acid dragon (D:11)
  2 large abominations (Lair:5)
  2 sky beasts
  24 orc warriors
  A black bear (Lair:1)
  3 ice beasts
  8 centaurs
  9 ogres
  A phantom (D:4)
  23 wolves
  14 small abominations (Lair:5)
  6 kobold brigands
  8 gnoll sergeants
  8 bullfrogs
  4 scorpions
  4 wights (D:7)
  20 killer bees
  7 lindwurm simulacra (IceCv)
  8 howler monkeys
  5 electric eels
  6 komodo dragon simulacra (IceCv)
  2 hounds
  Crazy Yiuf (D:4)
  31 orc priests
  6 iguanas
  3 sleepcaps
  Jessica (D:2)
  33 orc wizards
  7 hell rats
  A boggart simulacrum (D:12)
  6 gnolls
  7 adders
  2 shadow imps
  15 white imps
  3 ufetubi
  8 steam dragon simulacra (IceCv)
  2 worms
  3 dart slugs
  44 orcs
  6 bats
  2 endoplasms
  5 goblins (D:1)
  8 hobgoblins
  8 jackals
  4 quokkas
  10 ball pythons
  5 frilled lizards
  32 kobolds
  5 rats
1065 creatures vanquished.

Vanquished Creatures (others)
  A guardian serpent (Snake:1)
  2 slime creatures
  An ogre (D:7)
  An orc priest (Orc:2)
5 creatures vanquished.

Grand Total: 1070 creatures vanquished

Notes
Turn   | Place    | Note
-------+----------+-------------------------------------------
     0 | D:1      | Zonian the Armataur Fighter began the quest for the Orb.
     0 | D:1      | Reached XP level 1. HP: 19/19 MP: 1/1
    68 | D:1      | Reached XP level 2. HP: 24/26 MP: 2/2
   216 | D:1      | Reached skill level 3 in Fighting
   234 | D:1      | Reached XP level 3. HP: 33/33 MP: 3/3
   288 | D:1      | Found a faded altar of an unknown god.
   302 | D:1      | Prayed at the altar of an unknown god.
   302 | D:1      | Became a worshipper of Warmaster Okawaru
   302 | D:1      | Reached * piety under Okawaru
  1414 | D:2      | Reached XP level 4. HP: 38/40 MP: 4/4
  1575 | D:2      | Noticed Jessica
  1579 | D:2      | Killed Jessica
  1969 | D:3      | Found Vune's Antique Weapon Boutique.
  1985 | D:3      | Reached XP level 5. HP: 42/48 MP: 5/5
  2040 | D:3      | Found an ornate altar of the Wu Jian Council.
  2506 | D:3      | Reached skill level 5 in Armour
  2827 | D:4      | Noticed a phantom
  3078 | D:4      | Noticed Grinder
  3128 | D:4      | Reached XP level 6. HP: 55/55 MP: 6/6
  3213 | D:4      | Reached ** piety under Okawaru
  3214 | D:4      | Reached skill level 4 in Fighting
  3295 | D:4      | Paralysed by Grinder for 4 turns
  3303 | D:4      | Killed Grinder
  3304 | D:4      | Reached skill level 5 in Shields
  3304 | D:4      | Reached XP level 7. HP: 47/64 MP: 7/7
  3377 | D:4      | Found a sparkling altar of Nemelex Xobeh.
  3508 | D:4      | Identified the +1 helmet of Otuful {rElec}
  3569 | D:4      | Found a burning altar of Makhleb.
  3770 | D:4      | Found a staircase to the Ecumenical Temple.
  3912 | D:4      | Found a runed translucent door.
  3913 | D:4      | Noticed Crazy Yiuf
  3920 | D:4      | Killed Crazy Yiuf
  4248 | D:5      | Entered Level 5 of the Dungeon
  5184 | D:5      | Found Virphi Xuha's Book Shoppe.
  5488 | D:6      | Reached skill level 5 in Fighting
  5488 | D:6      | Reached XP level 8. HP: 55/72 MP: 8/8
  5603 | D:6      | Noticed Age's ghost (novice MiFi)
  5604 | D:6      | Found a transporter.
  5716 | D:6      | Found a transporter.
  5749 | D:6      | Found a hide-covered altar of Uskayaw.
  5952 | D:6      | Found a bloodstained altar of Trog.
  6006 | D:6      | Found a shimmering blue altar of Sif Muna.
  6053 | D:6      | Reached skill level 5 in Maces & Flails
  6057 | D:6      | Reached *** piety under Okawaru
  6101 | D:6      | Reached skill level 6 in Fighting
  6707 | D:6      | Found Moed's Overcharged Wands.
  6869 | D:7      | Found a shimmering altar of Xom.
  6870 | D:7      | Found a shimmering altar of Xom.
  6883 | D:7      | Reached XP level 9. HP: 47/83 MP: 6/9
  6894 | D:7      | Found a shimmering altar of Xom.
  7374 | D:7      | Reached skill level 7 in Fighting
  8190 | D:7      | Found a transporter.
  8209 | D:7      | Found a transporter.
  8255 | D:7      | Reached skill level 1 in Invocations
  8299 | D:7      | Found a shimmering altar of Xom.
  8938 | D:8      | Noticed a two-headed ogre
  8955 | D:8      | Killed a two-headed ogre
  8955 | D:8      | Reached **** piety under Okawaru
  8956 | D:8      | Reached skill level 8 in Fighting
  9124 | D:8      | Identified the +4 leather armour of Fun and Games {rPois
                  | rCorr Str-5}
  9240 | D:8      | Found a staircase to the Lair.
  9282 | D:8      | Reached XP level 10. HP: 64/96 MP: 12/12
  9817 | D:8      | Found a glowing golden altar of the Shining One.
  9869 | D:8      | Noticed Maggie
  9878 | D:8      | Killed Maggie
  9905 | D:8      | Reached skill level 9 in Fighting
  9955 | D:8      | Reached skill level 5 in Invocations
 10749 | D:3      | Bought a glowing morningstar for 168 gold pieces
 10926 | Lair:1   | Entered Level 1 of the Lair of Beasts
 10926 | Lair:1   | Noticed a cane toad
 10935 | Lair:1   | Killed a cane toad
 10948 | Lair:1   | Reached ***** piety under Okawaru
 10966 | Lair:1   | Noticed Joseph
 10983 | Lair:1   | Identified the +0 cloak of a Labyrinth {Drain rElec rC+++
                  | Int-3}
 11106 | Lair:1   | Identified the +0 cloak of Okawaru's Inspiration {Str+3}
                  | (Okawaru gifted it to you on level 1 of the Lair of Beasts)
 11106 | Lair:1   | Received a gift from Okawaru
 11904 | Lair:1   | Killed Joseph
 12065 | Lair:1   | Reached XP level 11. HP: 64/105 MP: 15/15
 12433 | Lair:1   | Reached skill level 10 in Fighting
 12721 | Lair:2   | Found a staircase to the Snake Pit.
 12808 | Lair:2   | Reached skill level 10 in Maces & Flails
 13780 | Lair:2   | Reached skill level 11 in Fighting
 13791 | Lair:2   | Received a gift from Okawaru
 15054 | Lair:3   | Found a staircase to the Shoals.
 15071 | Lair:3   | Identified the +8 mace "Earthworm" {heavy, rElec rC- Str+4}
 15608 | Lair:3   | Received a gift from Okawaru
 15609 | Lair:3   | Reached XP level 12. HP: 95/119 MP: 14/16
 15631 | Lair:3   | Reached skill level 12 in Fighting
 15980 | Lair:3   | Found a snail-covered altar of Cheibriados.
 16058 | Lair:3   | Noticed a seven-headed hydra
 16076 | Lair:3   | Killed a seven-headed hydra
 16653 | Lair:3   | You fall into a shaft and drop 1 floor!
 17982 | Lair:4   | Reached skill level 13 in Fighting
 17993 | Lair:4   | Identified the +1 pair of gloves "Cioguteru" {rC+ Str+3}
                  | (Okawaru gifted it to you on level 4 of the Lair of Beasts)
 17993 | Lair:4   | Received a gift from Okawaru
 18176 | Lair:4   | Found a viscous altar of Jiyva.
 18176 | Lair:4   | Found a staircase to the Slime Pits.
 19678 | Lair:5   | Entered Level 5 of the Lair of Beasts
 19747 | Lair:5   | Noticed a five-headed hydra
 19756 | Lair:5   | Killed a five-headed hydra
 19846 | Lair:5   | Reached XP level 13. HP: 101/130 MP: 17/17
 20548 | Lair:5   | Reached skill level 14 in Fighting
 23395 | Lair:5   | Reached skill level 1 in Spellcasting
 23439 | Lair:5   | Received a gift from Okawaru
 24480 | Lair:5   | Found a corrupted altar of Lugonu.
 24480 | Lair:5   | Found a one-way gate to the infinite horrors of the Abyss.
 25895 | D:9      | Reached XP level 14. HP: 96/142 MP: 19/19
 25899 | D:9      | Reached skill level 15 in Fighting
 26161 | D:9      | Found a radiant altar of Vehumet.
 26701 | D:10     | Entered Level 10 of the Dungeon
 26978 | D:10     | Found a large runed translucent door.
 26979 | D:10     | Found a large runed translucent door.
 27490 | D:10     | Found a white marble altar of Elyvilon.
 27499 | D:10     | Found a snail-covered altar of Cheibriados.
 27926 | D:11     | You fall into a shaft and drop 2 floors!
 28319 | D:12     | Reached ****** piety under Okawaru
 28616 | D:12     | Received a gift from Okawaru
 28823 | D:12     | Reached skill level 5 in Spellcasting
 30348 | D:10     | Reached skill level 1 in Evocations
 31100 | D:12     | Identified the +8 falchion "Yxkyusic" {pain, rF+ Int+2}
                  | (Okawaru gifted it to you on level 12 of the Dungeon)
 31100 | D:12     | Received a gift from Okawaru
 31909 | D:12     | Identified the amulet "Heyhusm" {Acrobat Will+ SInv}
 31957 | D:12     | Reached XP level 15. HP: 131/153 MP: 23/23
 32047 | D:12     | Received a gift from Okawaru
 32138 | D:12     | Found a staircase to the Orcish Mines.
 32676 | D:12     | Reached skill level 16 in Fighting
 33133 | D:13     | Found a broken altar of Ashenzari.
 33401 | D:13     | Found a gate to the Vaults.
 33836 | D:14     | Found a basalt altar of Yredelemnul.
 34335 | D:14     | Noticed Agnes
 34351 | D:14     | Killed Agnes
 34352 | D:14     | Reached skill level 10 in Invocations
 34916 | D:14     | Received a gift from Okawaru
 35162 | D:15     | Entered Level 15 of the Dungeon
 35223 | D:15     | Identified the +10 flail of the Tent {heavy, Int+4}
                  | (Okawaru gifted it to you on level 15 of the Dungeon)
 35223 | D:15     | Received a gift from Okawaru
 35464 | D:15     | Found a white marble altar of Elyvilon.
 35518 | D:15     | Reached skill level 5 in Evocations
 35956 | D:15     | Gained mutation: You are occasionally teleported next to
                  | monsters. [a shining eye]
 35986 | D:15     | Identified the +10 plate armour of Vaix {rC+ Str+6}
 36239 | D:15     | Found a staircase to the Depths.
 36799 | D:15     | Identified the +1 plate armour "Raoll" {Regen+ MP+9}
                  | (Okawaru gifted it to you on level 15 of the Dungeon)
 36799 | D:15     | Received a gift from Okawaru
 37345 | Orc:1    | Entered Level 1 of the Orcish Mines
 37345 | Orc:1    | Noticed Nergalle
 37348 | Orc:1    | Noticed Urug
 37355 | Orc:1    | Killed Nergalle
 37363 | Orc:1    | Killed Urug
 37857 | Orc:2    | Entered Level 2 of the Orcish Mines
 37863 | Orc:2    | Paralysed by an orc sorcerer for 3 turns
 37868 | Orc:2    | Paralysed by an orc sorcerer for 2 turns
 37955 | Orc:2    | Found a runed translucent gate.
 37955 | Orc:2    | Found a runed translucent gate.
 37955 | Orc:2    | Found a runed translucent gate.
 37955 | Orc:2    | Found an iron altar of Okawaru.
 37955 | Orc:2    | Noticed Age's ghost (journeyman MiFi)
 38319 | Orc:2    | Reached XP level 16. HP: 159/162 MP: 27/27
 38426 | Orc:2    | Found a frozen archway.
 38452 | IceCv    | Entered an ice cave
 39265 | IceCv    | Reached skill level 10 in Armour
 39615 | IceCv    | Identified the ring "Mikop" {rC+ AC+4}
 39845 | Orc:2    | Found Ziveiveomn's Distillery.
 39845 | Orc:2    | Found Gemoix's Armour Shop.
 39850 | Orc:2    | Found Lopsutiybb's Antique Armour Boutique.
 39853 | Orc:2    | Found Ateuk's Antique Armour Boutique.
 39876 | Orc:2    | Bought a steaming helmet for 256 gold pieces
 39876 | Orc:2    | Identified the +0 helmet of Awe {Dex+3} (You bought it in a
                  | shop on level 2 of the Orcish Mines)
 39888 | Orc:2    | Bought a potion of heal wounds for 70 gold pieces
 39888 | Orc:2    | Bought a potion of enlightenment for 70 gold pieces
 39888 | Orc:2    | Bought a potion of cancellation for 112 gold pieces
 39939 | Orc:2    | Found a staircase to the Elven Halls.
 40150 | Orc:2    | Noticed Donald
 40151 | Orc:2    | Found Adwuph's Jewellery Shop.
 40158 | Orc:2    | Killed Donald
 40159 | Orc:2    | Reached skill level 1 in Stealth
 40492 | Orc:2    | Killed Age's ghost
 40531 | Orc:2    | Identified the +6 dagger of Conflict {heavy, *Corrode rF+
                  | Str+4 SInv}
 41223 | Snake:1  | Entered Level 1 of the Snake Pit
 42030 | Snake:1  | Found a bloodstained altar of Trog.
 42030 | Snake:1  | Noticed Miduta's ghost (journeyman DsNe)
 42033 | Snake:1  | Found a transporter.
 42036 | Snake:1  | Found a transporter.
 42051 | Snake:1  | Identified the ring "Miomenga" {Wiz rPois}
 42324 | Snake:1  | Found a hazy altar of Hepliaklqana.
 43277 | Snake:1  | Reached skill level 15 in Maces & Flails
 43709 | Snake:1  | Identified the +0 barding of the Known World {rElec rF-
                  | Will- rCorr} (Okawaru gifted it to you on level 1 of the
                  | Snake Pit)
 43709 | Snake:1  | Received a gift from Okawaru
 44572 | D:10     | Lost mutation: You are occasionally teleported next to
                  | monsters. [potion of mutation]
 44572 | D:10     | Gained mutation: You are agile. (Dex +4, Str/Int -1)
                  | [potion of mutation]
 44572 | D:10     | Gained mutation: You occasionally shout uncontrollably at
                  | your foes. [potion of mutation]
 44572 | D:10     | Gained mutation: You occasionally lose the ability to drink
                  | potions when taking damage. [potion of mutation]
 44572 | D:10     | Gained mutation: You are very agile. (Dex +8, Str/Int -2)
                  | [potion of mutation]
 45223 | Snake:2  | Reached skill level 17 in Fighting
 46017 | Snake:3  | Reached skill level 5 in Stealth
 46522 | Snake:3  | Reached XP level 17. HP: 90/172 MP: 25/28
 47188 | Snake:3  | Noticed Mlioglotl
 47213 | Snake:3  | Killed Mlioglotl
 47213 | Snake:3  | Received a gift from Okawaru
 47929 | Snake:3  | Upgraded the game from 0.31-a0-700-gf13585253f to
                  | 0.31-a0-705-ga145531891
 47937 | Snake:4  | Entered Level 4 of the Snake Pit
 47941 | Snake:4  | Learned a level 2 spell: Jinxbite
 48618 | Snake:4  | Received a gift from Okawaru
 48874 | Snake:4  | Reached skill level 1 in Hexes
 54629 | Snake:4  | Got a serpentine rune of Zot
 54962 | Shoals:1 | Entered Level 1 of the Shoals
 54963 | Shoals:1 | Noticed Aizul
 54987 | Shoals:1 | HP: 4/172 [sun demon (11)]
 54996 | Shoals:1 | Killed Aizul
 54997 | Shoals:1 | Reached XP level 18. HP: 47/181 MP: 6/29
 56167 | Shoals:1 | Upgraded the game from 0.31-a0-705-ga145531891 to
                  | 0.31-a0-716-gc7603755dd
 56190 | Shoals:1 | Noticed Frances
 56197 | Shoals:1 | Killed Frances
 56409 | Shoals:1 | Reached skill level 10 in Shields
 56642 | Shoals:1 | Received a gift from Okawaru
 57305 | Orc:2    | Bought a twisted plate armour for 868 gold pieces
 57305 | Orc:2    | Identified the +0 plate armour "Donlem" {rF+ Str+5} (You
                  | bought it in a shop on level 2 of the Orcish Mines)
 57600 | Shoals:2 | Noticed Ilsuiw
 57643 | Shoals:2 | HP: 9/181 [drowned by a water elemental[Ilsuiw] (2)]
 57645 | Shoals:2 | HP: 3/181 [water elemental[Ilsuiw] (2)]
 57647 | Shoals:2 | HP: 1/181 [drowned by a water elemental[Ilsuiw] (1)]
 57648 | Shoals:2 | Drowned by a water elemental

Illustrated notes

Levels and vault maps discovered:
D:1:      lightli_arrival_boilingwater, layout_basic,
          ebering_ecumenical_altar_petrified
D:2:      layout_basic, uniq_jessica
D:3:      layout_rooms, old_standard_altar, serial_shops, shop
D:4:      layout_cave_pools, nicolae_overflow_hidden_temple, kennysheep_mini,
          minmay_temple_entry_poolview, uniq_grinder, uniq_crazy_yiuf_cottage
D:5:      layout_loops_corners, serial_shops, nicolae_shop_behind_doors
D:6:      layout_loops_ring, mainiacjoe_overflow_boulevard,
          mainiacjoe_overflow_cross_hatched, lemuel_coloured_pillars_altar,
          gammafunk_ghost_arena, nicolae_shop_overcharged_wands
D:7:      gammafunk_steamed_eel, layout_layer_cave, xom_shifter_show,
          david_defended_altar_orc
D:8:      layout_loops_ring, nicolae_tso_carved_into_rock,
          erik_lair_orcish_takeover, serial_glass, glass_columns_c,
          glass_columns_a, serial_bayou_pond_b, grunt_ministairs_2,
          chequers_jeans, hangedman_minor_gate_pass, uniq_maggie
D:9:      layout_irregular_city, mainiacjoe_overflow_24_doors,
          chequers_mini_garden
D:10:     layout_cave_pods, jmf_multi_god_temple2
D:11:     layout_irregular_city, minmay_mirror_moons_of_madness
D:12:     lemuel_castle_with_subvaults [lemuel_castle_interior_original],
          layout_irregular_city, erik_orc_3, serial_ice, serial_ice_b,
          serial_ice_f, serial_ice_d, serial_ice_m, serial_ice_h, serial_ice_o,
          serial_ice_e
D:13:     layout_basic, erik_vaults_1, ashenzari_altar_1
D:14:     layout_loops_cross, yredelemnul_altar_generic, uniq_agnes
D:15:     gammafunk_depths_entry_grave, layout_basic, elyvilon_altar_1
Lair:1:   layout_gridlike, serial_rivers, chequers_serial_rivers_micro_d,
          chequers_serial_rivers_large_b, chequers_serial_rivers_marsh,
          chequers_serial_rivers_marsh, uniq_joseph
Lair:2:   layout_gridlike, dummy_snake_entry, grunt_megastairs_4
Lair:3:   layout_loops_ring, elwin_shoals_entry_rocks, kennysheep_snail_temple
Lair:4:   layout_cave_pods, dpeg_slime_entry_enclosed, serial_bayou_shore_b,
          grunt_megastairs_5, serial_bayou_shore_a
Lair:5:   hellmonk_lair_end_abyssal_woods, layout_gridlike, grunt_megastairs_1
Shoals:1: layout_shoals, nicolae_shoals_sun_and_surf, uniq_aizul, uniq_frances
Shoals:2: cheibrodos_shoals_roost, layout_shoals, nicolae_shoals_lost_giant_hut,
          nicolae_shoals_water_booths, uniq_polyphemus, uniq_ilsuiw
Snake:1:  layout_honeycomb, basic_altar, gammafunk_ghost_wrathful_warriors
Snake:2:  layout_misc_corridors
Snake:3:  layout_chambers, nicolae_snake_lava_pool, uniq_mlioglotl
Snake:4:  minmay_snake_end_coiled, layout_layer_cave, grunt_megastairs_3
Orc:1:    layout_diamond_mine, uniq_urug, uniq_nergalle
Orc:2:    st_orc_mages, layout_caves, special_room,
          gammafunk_ghost_fury_of_okawaru, lightli_volcano_entry_magma_tube,
          serial_shops, shop, portal_ice_cave_entry_imps, uniq_donald

Skill      XL: |  1  2  3  4  5  6  7  8  9 10 11 12 13 14 15 16 17 18 |
---------------+-------------------------------------------------------+-----
Maces & Flails | 2 3 4 6 8 9 11 13 14 15 | 15.0
Armour         | 4 5 6 7 9 11 13 14 | 14.5
Fighting       | 3 4 5 6 8 9 11 13 14 15 16 17 | 17.2
Shields        | 4 5 6 8 9 10 | 10.3
Invocations    | 3 6 7 9 10 11 12 | 12.9
Spellcasting   | 2 5 7 |  7.5
Evocations     | 3 5 6 7 |  7.4
Stealth        | 5 8 |  8.0
Hexes          | 3 |  3.7

Action                     |  1- 3 |  4- 6 |  7- 9 | 10-12 | 13-15 | 16-18 || total
---------------------------+-------+-------+-------+-------+-------+-------++-------
  Melee: Flail             |   130 |    70 |       |   859 |   430 |   965 ||  2454
         Tailslap          |    15 |    18 |    51 |   157 |   206 |   156 ||   603
         Mace              |       |    35 |   416 |    39 |   802 |       ||  1292
  Throw: Dart              |       |       |       |       |       |     2 ||     2
 Invoke: Heroism           |       |       |     9 |    14 |    15 |    17 ||    55
         Finesse           |       |       |       |     1 |     7 |     9 ||    17
  Evoke: Wand              |       |       |     3 |    16 |     7 |    24 ||    50
         Tin of tremorston |       |       |       |       |     3 |     3 ||     6
    Use: Scroll            |       |     8 |     8 |    12 |    15 |     7 ||    50
         Potion            |       |     2 |       |     1 |     7 |    16 ||    26
   Stab: Paralysed         |       |       |       |     6 |       |       ||     6
         Distracted        |       |       |       |       |     1 |     4 ||     5
         Sleeping          |       |       |       |       |       |     6 ||     6
 Armour: Scale mail        |    94 |    94 |   308 |       |       |       ||   496
         Leather armour    |       |       |    40 |   804 |  1265 |       ||  2109
         Plate armour      |       |       |       |       |   173 |   341 ||   514
         Swamp dragon scal |       |       |       |       |       |   728 ||   728
  Dodge: Dodged            |    53 |    26 |   152 |   321 |   359 |   231 ||  1142
  Block: Buckler           |    32 |    24 |   105 |   225 |   402 |   449 ||  1237
         Reflection        |       |       |       |       |       |    84 ||    84
         Kite shield       |       |       |       |       |       |   217 ||   217

Table legend: (Time is in decaauts)
 A = Elapsed time spent in this place.
 B = Non-inter-level travel time spent in this place.
 C = Inter-level travel time spent in this place.
 D = Time resting spent in this place.
 E = Time spent auto-exploring this place.
 F = Levels seen in this place.
 G = Mean time per level.
                   A        B        C        D        E       F      G
               +--------+--------+--------+--------+--------+-----+--------+
         Total |  57667 |  54445 |   3222 |  25929 |  18131 |  29 | 1988.5 |
       Dungeon |  24425 |  22605 |   1820 |   9013 |   9248 |  15 | 1628.3 |
          Lair |  14615 |  13921 |    694 |   7484 |   4040 |   5 | 2923.0 |
        Shoals |   1855 |   1799 |     56 |    739 |    627 |   2 |  927.5 |
     Snake Pit |  13089 |  12638 |    451 |   7252 |   3210 |   4 | 3272.2 |
  Orcish Mines |   2421 |   2222 |    199 |    593 |    950 |   2 | 1210.5 |
      Ice Cave |   1260 |   1260 |      0 |    847 |     56 |   1 | 1260.0 |
               +--------+--------+--------+--------+--------+-----+--------+

Top non-repeatable levels by time:
  Lair:5: 4344 daAuts
 Snake:3: 4296 daAuts
 Snake:4: 4204 daAuts
  Lair:4: 3178 daAuts
    D:12: 3097 daAuts
 Snake:1: 3097 daAuts
  Lair:2: 2773 daAuts
     D:8: 2610 daAuts
  Lair:1: 2211 daAuts
     D:7: 2152 daAuts
  Lair:3: 2108 daAuts
    D:15: 1941 daAuts
    D:10: 1766 daAuts
Shoals:1: 1661 daAuts
    D:11: 1641 daAuts
